 Dungeon Crawl Stone Soup version 0.30-a0-371-gad7725a (webtiles) character file.

Game seed: 12711309651174749318

1920 Dorkslayer the Shield-Bearer (level 9, -2/69 HPs)
             Began as a Merfolk Fighter on Nov 21, 2022.
             Slain by Pikel
             ... wielding a +1 whip of electrocution
              (19 damage)
             ... on level 5 of the Dungeon.
             The game lasted 00:12:48 (4692 turns).

Dorkslayer the Shield-Bearer (Merfolk Fighter)      Turns: 4692, Time: 00:12:48

Health: -2/69      AC: 11    Str: 20    XL:     9   Next: 17%
Magic:  9/9        EV:  6    Int:  7    God:
Gold:   266        SH: 16    Dex: 14    Spells: 8/8 levels left

rFire   + . .      SeeInvis .    a - +0 trident
rCold   . . .      Faith    .    f - +1 tower shield
rNeg    . . .      Spirit   .    u - +0 chain mail
rPois   .          Reflect  .    g - +0 helmet
rElec   .          Harm     .    (no cloak)
rCorr   .          Rampage  .    n - +0 pair of gloves
Will    .....                    (no boots)
Stlth   ..........               (no amulet)
HPRegen 0.31/turn                i - +4 ring of slaying
MPRegen 0.11/turn                q - ring of protection from fire

@: no status effects
A: (nimble swimmer 2), mertail
a: no special abilities


You were on level 5 of the Dungeon.
You visited 2 branches of the dungeon, and saw 7 of its levels.

You collected 266 gold pieces.

Inventory:

Hand Weapons
 a - a +0 trident (weapon)
Missiles
 b - 2 javelins (quivered)
Armour
 f - a +1 tower shield (worn)
 g - a +0 helmet (worn)
 n - a +0 pair of gloves (worn)
 u - a +0 chain mail (worn)
Jewellery
 i - a +4 ring of slaying (left hand)
 q - a ring of protection from fire (right hand)
Scrolls
 d - 2 scrolls of poison
 o - a scroll of silence
 r - a scroll of teleportation
Potions
 e - a potion of flight {unknown}
 h - a potion of ambrosia {unknown}
 l - 2 potions of lignification
 p - 3 potions of curing


   Skills:
 * Level 6.0 Fighting
 + Level 7.5 Polearms
 + Level 0.4 Throwing
 + Level 3.9 Armour
 + Level 4.9 Dodging
 + Level 0.3 Stealth
 * Level 7.6 Shields


You had 8 spell levels left.
You didn't know any spells.
Your spell library contained the following spells:

 Spells                   Type           Power      Damage    Failure   Level
 Inner Flame              Hex/Fire       0%         N/A       100%        3
 Cause Fear               Hex            0%         N/A       100%        4
 Discord                  Hex            0%         N/A       100%        8


Dungeon Overview and Level Annotations

Branches:
Dungeon (6/15)             Temple (1/1) D:4

Altars:
Ashenzari
Cheibriados
Elyvilon
Hepliaklqana
Nemelex Xobeh
Okawaru
Ru
Sif Muna
Uskayaw
Xom
Zin

Annotations:
D:5 Pikel
D:6 Blork the orc


Innate Abilities, Weirdness & Mutations

((You are very nimble when in or above water. (Stealth+, EV+, Speed+++)))
Your lower body shifts to a powerful aquatic tail in water.


Message History

Pikel is heavily wounded.
You block Pikel's attack.
You miss Pikel.
Pikel is heavily wounded.
Pikel hits you but does no damage.
You hit Pikel.
Pikel is severely wounded.
You block Pikel's attack.
You barely miss Pikel.
Pikel is severely wounded.
Pikel zaps a wand.
The bolt of light hits you!
You are confused.
Pikel hits you but does no damage.
You puncture Pikel!
Pikel is almost dead.
Pikel barely misses you.
You miss Pikel.
Pikel is almost dead.
Pikel hits you with a +1 whip of electrocution.
You are electrocuted!
You closely miss Pikel.
Pikel is almost dead.
You feel less confused. You block Pikel's attack.
You hit Pikel but do no damage.
Pikel is almost dead.
Pikel says, "Hell isn't that bad."
Pikel hits you but does no damage.
Pikel zaps a wand.
The bolt of light hits you!
You are confused.
* * * LOW HITPOINT WARNING * * *
You hit Pikel.
Pikel is almost dead.
Pikel zaps a wand.
The bolt of light misses you.
You bump into the rock wall.
You feel less confused.
Pikel hits you with a +1 whip of electrocution.
* * * LOW HITPOINT WARNING * * *
You are electrocuted!!
You die...

###.....######.# ....#........#.#
################ .............#.#
#.......#.......
...##........#.###.#####.#.#####.
...............#...# #.#.#####.
...##........###.#.# #......##.
...##........# #.#.#####.#.##.##.
##.#.........# #.>....##.#.##....
#.......##### #@K###....#.......
###...### ###..# #.###########
#...# #....###.# # #...#
####.##.....## # #...#
#............###### #
####...####.##..............#####
.............>.#............#....
...............#............#.###
...............#...........>#.###


You could see Pikel.

Vanquished Creatures
  Grinder (D:5)
  Prince Ribbit (D:5)
  Menkaure (D:6)
  3 black bears
  A centaur (D:6)
  3 lemures (D:5)
  A bullfrog (D:6)
  5 scorpions
  4 killer bees (D:4)
  A howler monkey (D:6)
  4 hounds
  2 orc priests
  3 iguanas
  Jessica (D:2)
  An orc wizard (D:5)
  13 adders
  2 shadow imps (D:5)
  A worm (D:3)
  3 dart slugs
  8 orcs
  5 bats
  8 endoplasms
  2 giant cockroaches
  4 goblins
  8 hobgoblins
  4 quokkas
  12 ball pythons
  4 frilled lizards
  6 kobolds
  6 rats
118 creatures vanquished.

Notes
Turn   | Place    | Note
-------+----------+-------------------------------------------
     0 | D:1      | Dorkslayer the Merfolk Fighter began the quest for the Orb.
     0 | D:1      | Reached XP level 1. HP: 18/18 MP: 1/1
    58 | D:1      | Reached skill level 1 in Dodging
    58 | D:1      | Reached XP level 2. HP: 24/24 MP: 2/2
   485 | D:1      | Reached XP level 3. HP: 20/29 MP: 3/3
   999 | D:2      | Noticed Jessica
  1004 | D:2      | Reached XP level 4. HP: 31/37 MP: 4/4
  1019 | D:2      | Killed Jessica
  1455 | D:3      | Reached XP level 5. HP: 42/42 MP: 5/5
  2279 | D:4      | Reached XP level 6. HP: 25/48 MP: 6/6
  2420 | D:4      | Reached skill level 5 in Shields
  2429 | D:4      | Found a staircase to the Ecumenical Temple.
  2439 | Temple   | Entered the Ecumenical Temple
  2547 | D:4      | Reached XP level 7. HP: 54/54 MP: 7/7
  2649 | D:4      | Reached skill level 5 in Polearms
  2737 | D:4      | HP: 2/54 [black bear (11)]
  2924 | D:4      | Found a broken altar of Ashenzari.
  3254 | D:5      | Entered Level 5 of the Dungeon
  3261 | D:5      | Noticed Grinder
  3293 | D:5      | Paralysed by Grinder for 3 turns
  3298 | D:5      | Paralysed by Grinder for 5 turns
  3304 | D:5      | Killed Grinder
  3305 | D:5      | Reached skill level 5 in Fighting
  3305 | D:5      | Reached XP level 8. HP: 27/62 MP: 8/8
  3671 | D:5      | Noticed Prince Ribbit
  3706 | D:5      | Killed Prince Ribbit
  4263 | D:5      | Found a shimmering blue altar of Sif Muna.
  4360 | D:6      | Noticed Menkaure
  4369 | D:6      | Killed Menkaure
  4370 | D:6      | Reached XP level 9. HP: 21/69 MP: 9/9
  4611 | D:6      | Noticed Pikel
  4674 | D:6      | Noticed Blork the orc
  4692 | D:5      | Slain by Pikel

Illustrated notes

Levels and vault maps discovered:
D:1:      co_arrival_random_square_maze, layout_loops_cross,
          dreamdust_princess_bridge, hangedman_abyss_or_decor_lesser_grid
D:2:      layout_rooms, st_stairs_8, uniq_jessica
D:3:      layout_basic, minmay_snake_closets
D:4:      layout_loops_ring, nicolae_ashenzari_skybound, temple_pool_b
D:5:      layout_loops_cross, marbit_many_paths, hangedman_decor_push,
          uniq_prince_ribbit1, uniq_grinder
D:6:      layout_basic, uniq_menkaure, uniq_pikel, uniq_blork_the_orc
Temple:   kb_temple_of_zot

Skill      XL: |  1  2  3  4  5  6  7  8  9 |
---------------+----------------------------+-----
Dodging        | 1 2 3 4 |  4.9
Polearms       | 3 4 6 7 |  7.5
Shields        | 4 5 6 7 |  7.6
Fighting       | 4 5 6 |  6.0
Armour         | 3 |  3.9
Throwing       | |  0.4
Stealth        | |  0.3

Action                   |  1- 3 |  4- 6 |  7- 9 || total
-------------------------+-------+-------+-------++-------
Melee: Trident           |    86 |   130 |   194 ||   410
Throw: Javelin           |       |       |     4 ||     4
  Use: Potion            |       |     5 |     3 ||     8
       Scroll            |       |     4 |     9 ||    13
Armor: Scale mail        |    32 |    48 |    64 ||   144
       Chain mail        |       |       |    48 ||    48
Dodge: Dodged            |    14 |    26 |    50 ||    90
Block: Buckler           |     1 |       |       ||     1
       Tower shield      |    40 |    87 |   168 ||   295

Table legend: (Time is in decaauts)
 A = Elapsed time spent in this place.
 B = Non-inter-level travel time spent in this place.
 C = Inter-level travel time spent in this place.
 D = Time resting spent in this place.
 E = Time spent auto-exploring this place.
 F = Levels seen in this place.
 G = Mean time per level.
                   A        B        C        D        E       F      G
               +--------+--------+--------+--------+--------+-----+--------+
         Total |   4858 |   4858 |      0 |    582 |   2256 |   7 |  694.0 |
       Dungeon |   4770 |   4770 |      0 |    582 |   2252 |   6 |  795.0 |
        Temple |     87 |     87 |      0 |      0 |      4 |   1 |   87.0 |
               +--------+--------+--------+--------+--------+-----+--------+

Top non-repeatable levels by time:
     D:5: 1194 daAuts
     D:4: 990 daAuts
     D:3: 871 daAuts
     D:1: 862 daAuts
     D:2: 563 daAuts
     D:6: 288 daAuts
  Temple: 87 daAuts
